 Dungeon Crawl Stone Soup version 0.29-a0-653-gd47aff6735 (webtiles) character file.

Game seed: 8571876189610546523

15 Newt the Skirmisher (level 2, 0/24 HPs)
             Began as a Demonspawn Abyssal Knight on June 21, 2022.
             Was a Believer of Lugonu.
             Constricted to death by a ball python (1 damage)
             ... on level 3 of the Dungeon.
             The game lasted 00:03:43 (477 turns).

Newt the Skirmisher (Demonspawn Abyssal Knight)      Turns: 477, Time: 00:03:44

Health: 0/24       AC:  5    Str: 13    XL:     2   Next: 34%
Magic:  2/3        EV:  7    Int: 11    God:    Lugonu [**....]
Gold:   10         SH:  0    Dex: 13    Spells: 1/1 levels left

rFire   . . .      SeeInvis .   (no weapon)
rCold   . . .      Faith    .   (no shield)
rNeg    . . .      Spirit   .   c - +0 ring mail
rPois   .          Reflect  .   (no helmet)
rElec   .          Harm     .   (no cloak)
rCorr   .          Rampage  .   (no gloves)
Will    .....                   (no boots)
Stlth   +.........              (no amulet)
HPRegen 0.08/turn               (no ring)
MPRegen 0.08/turn               (no ring)

@: constricted
A: claws 1
a: Renounce Religion, Depart the Abyss, Bend Space


You were on level 3 of the Dungeon.
You worshipped Lugonu.
Lugonu was pleased with you.
You visited 1 branch of the dungeon, and saw 3 of its levels.
You visited the Abyss 1 time.

You collected 88 gold pieces.
You spent 78 gold pieces at shops.

Inventory:

Hand Weapons
 a - a +1 spear
Armour
 b - a +0 leather armour
 c - a +0 ring mail (worn)
Jewellery
 f - a ring of ice
Scrolls
 d - a scroll of enchant armour
 e - 2 scrolls of identify


   Skills:
 + Level 3.3 Fighting
 - Level 1.9 Polearms
 + Level 2.1 Armour
 + Level 0.8 Dodging
 + Level 2.6 Invocations


You had one spell level left.
You didn't know any spells.
Your spell library was empty.

Dungeon Overview and Level Annotations

Branches:
Dungeon (3/15)

Altars:

Shops:
D:2 ?

Annotations:
D:2 Robin
D:3 Grinder


Innate Abilities, Weirdness & Mutations

You have sharp fingernails.


Message History

The hobgoblin is almost dead.
The hobgoblin barely misses you.
You barely miss the hobgoblin.
The hobgoblin is almost dead.
The hobgoblin hits you but does no damage.
You closely miss the hobgoblin.
The hobgoblin is almost dead.
The hobgoblin barely misses you.
An orc comes into view. It is wielding a +0 dagger.
The orc shouts!
You scratch the hobgoblin but do no damage.
The hobgoblin is almost dead.
You hear a shout! x2
The hobgoblin hits you with a +0 dagger.
* * * LOW HITPOINT WARNING * * *
You barely miss the hobgoblin.
The hobgoblin is almost dead.
The hobgoblin barely misses you.
You scratch the hobgoblin.
You kill the hobgoblin!
Lugonu accepts your kill.
An orc comes into view. It is wielding a +0 dagger.
You scratch the ball python but do no damage.
The ball python closely misses you. The ball python barely misses you.
A quokka comes into view.
The ball python bites you but does no damage.
The ball python grabs you. The ball python constricts you.
Grinder comes into view.
As you read the scroll of summoning, it crumbles to dust.
Wisps of shadow whirl around you... The ball python barely misses you.
The ball python constricts you.
The orc hits your dart slug with a +0 dagger.
Grinder blinks!
You aren't carrying any potions.
Space bends violently around you!
The ball python's grasp on you weakens, but your attempt to escape fails.
The ball python bites you.
* * * LOW HITPOINT WARNING * * *
The ball python constricts you.
You die...

#######.##
#S@w.or...
#S#####..#
#w #o ..
.. ##. ..


You could see 2 orcs, a quokka, a ball python (ally target), a friendly worm
(summoned), a friendly dart slug (summoned) and a friendly ball python
(summoned).

Vanquished Creatures
  An endoplasm (D:1)
  A giant cockroach (D:1)
  4 hobgoblins
  2 ball pythons (D:1)
  A bat (D:2)
  A frilled lizard (D:2)
  A goblin (D:2)
  2 kobolds
  2 rats
15 creatures vanquished.

Notes
Turn   | Place    | Note
-------+----------+-------------------------------------------
     0 | Abyss:1  | Newt the Demonspawn Abyssal Knight began the quest for the
                  | Orb.
     0 | Abyss:1  | Reached XP level 1. HP: 18/18 MP: 2/2
    23 | D:1      | Escaped the Abyss
   181 | D:1      | Found a faded altar of an unknown god.
   339 | D:2      | Found Guarrahi's Magic Scroll Boutique.
   349 | D:2      | Gained mutation: You have sharp fingernails. [demonic
                  | ancestry]
   349 | D:2      | Reached XP level 2. HP: 24/24 MP: 3/3
   391 | D:2      | Bought a scroll of identify for 26 gold pieces
   391 | D:2      | Bought a scroll of identify for 26 gold pieces
   391 | D:2      | Bought a scroll of identify for 26 gold pieces
   446 | D:2      | Noticed Robin
   475 | D:3      | Noticed Grinder
   477 | D:3      | HP: 1/24 [ball python (2)]
   477 | D:3      | Constricted to death by a ball python

Illustrated notes

Levels and vault maps discovered:
D:1:      nicolae_arrival_somewhat_less_tricky_arrival, layout_loops_ring,
          chequers_ecumenical_altar_island
D:2:      layout_basic, serial_shops, shop, uniq_robin, uniq_jessica
D:3:      layout_loops_ring, okawaru_gym_becter, wad_rectangle_vault,
          uniq_grinder

Skill      XL: |  1 |
---------------+----+-----
Armour         | 2 |  2.1
Fighting       | |  3.3
Polearms       | |  1.9
Dodging        | |  0.8
Invocations    | |  2.6

Action                   || total
-------------------------++-------
Melee: Spear             ||    38
       Unarmed           ||    24
       Punch             ||     1
Invok: Bend Space        ||     1
  Use: Scroll            ||     3
Armor: Ring mail         ||    22
Dodge: Dodged            ||    35

Table legend: (Time is in decaauts)
 A = Elapsed time spent in this place.
 B = Non-inter-level travel time spent in this place.
 C = Inter-level travel time spent in this place.
 D = Time resting spent in this place.
 E = Time spent auto-exploring this place.
 F = Levels seen in this place.
 G = Mean time per level.
                   A        B        C        D        E       F      G
               +--------+--------+--------+--------+--------+-----+--------+
         Total |    477 |    477 |      0 |    133 |      1 |   4 |  119.2 |
       Dungeon |    454 |    454 |      0 |    133 |      0 |   3 |  151.3 |
         Abyss |     23 |     23 |      0 |      0 |      1 |   1 |   23.0 |
               +--------+--------+--------+--------+--------+-----+--------+

Top non-repeatable levels by time:
     D:1: 317 daAuts
     D:2: 125 daAuts
 Abyss:1: 23 daAuts
     D:3: 11 daAuts
